[Event "*** Titled Tuesday Blitz"]
[Site "Chess.com"]
[Date "2020.05.05"]
[Round "5"]
[White "RitvarsReimanis"]
[Black "VinzentSpitzl"]
[Result "1-0"]
[WhiteElo "2550"]
[BlackElo "2388"]
[TimeControl "180+1"]
[EndTime "10:58:02 PDT"]
[Termination "RitvarsReimanis won by resignation"]

1. d4 d5 2. c4 e6 3. Nf3 Nf6 4.
Nc3 Bb4 5. Bg5 h6 6. Bxf6 Qxf6 7. cxd5 exd5 8. Qa4+ Nc6 9. e3 O-O 10. Rc1 Bd7 11. Qb3 Be6 12. Bb5 Bxc3+ 13. Rxc3 Na5 14.
Qb4 Nc4 15. Bxc4 dxc4 16. e4 Bg4 17. Qxc4 Rfd8 18. O-O Bxf3 19. Rxf3 Qe6 20. d5 Qd6 21. Re1 Re8 22. h3 Re7 23. Rfe3 Rae8 24. b4 a6 25. Qc5 b6 26. Qc4 h5 27. a3 g6 28. Qxa6 Qf4 29. Qd3 Kh7 30. f3 f5 31. R3e2 fxe4 32. Rxe4 Rxe4 33.
Rxe4 Rxe4 34. Qxe4 Qc1+ 35. Kh2 Qxa3 36. Qe7+ Kh6 37.
Qf8+ Kh7 38. Qf7+ Kh6 39. Qf4+ Kh7 40. Qxc7+ Kh6 41. Qf4+ Kh7 42. Qc7+ Kh6 43. Qxb6 Qc3 44. Qe6 Qxb4 45. Qe5 Qb7 46. d6 Qd7 47. Qe3+ g5 48. Qe5 Kg6 49. Kg1 Qa7+ 50. Kh2 Qd7 51. Qd4 Kf5 52. g3 Kg6 53. Kg2 h4 54. gxh4 gxh4 55. Qg4+ Qxg4+ 56. hxg4 Kf6 57. Kh3 1-0

[Event "*** Titled Tuesday Blitz"]
[Site "Chess.com"]
[Date "2020.05.05"]
[Round "5"]
[White "mc4chess"]
[Black "kreonx"]
[Result "1-0"]
[WhiteElo "2440"]
[BlackElo "2214"]
[TimeControl "180+1"]
[EndTime "10:58:02 PDT"]
[Termination "mc4chess won by checkmate"]

1. e4 c6 2. d4 d5 3. Nc3 g6 4.
Nf3 Bg7 5. h4 Bg4 6. Be2 dxe4 7.
Nxe4 Bxf3 8. Bxf3 Qxd4 9. Qe2 Nf6 10. c3 Qe5 11. Nxf6+ Bxf6 12. Be3 h5 13. O-O-O Nd7 14.
Rhe1 Qa5 15. Kb1 Ne5 16. Bd4 Nxf3 17. Bxf6 Qf5+ 18. Ka1 Qxf6 19. gxf3 Qxh4 20. Qe5 O-O 21. Rd7 Rfe8 22. Rxb7 Qxf2 23. Rxe7 Rxe7 24. Qxe7 Qxf3 25. a3 a5 26. Qb7 Rd8 27. Qb6 Rd1+ 28. Rxd1 Qxd1+ 29. Ka2 Qd5+ 30. Ka1 h4 31. Qb8+ Kg7 32. Qh2 g5 33. Qg1 h3 34. c4 Qg2 35. Qd4+ Kg6 36. Qd6+ f6 37. Qe6 Qg1+ 38. Ka2 h2 39.
Qg8+ Kh5 40. Qh7+ Kg4 41. Qe4+ Kg3 42. Qd3+ Kg2 43. Qe4+ Kf1 44. Qd3+ Kf2 45. Qd4+ Kf3 46. Qxf6+ Kg4 47. Qe6+ Kh4 48. Qh6+ Kg4 49. Qe6+ Kg3 50.
Qe5+ Kh3 51. Qe6+ g4 52. Qf6 h1=Q 53. Qh6+ Kg2 54. Qxc6+ Kg3 55. Qd6+ Kh3 56. Qh6+ Kg2 57. Qc6+ Kf1 58. Qf6+ Qf2 59. Qg6 Qhg2 60. Qb1+ Qe1 61. Qf5+ Qgf2 62. Qxg4 Qed2 63. Qh3+ Ke1 64. Qh1+ Ke2 65.
Qe4+ Kd1 66. Qh1+ Qfe1 67. Qf3+ Qee2 68. Qh1+ Qde1 69. Qd5+ Kc1 70. Qg5+ Q1d2 71. Qg1+ Kc2 72. Qb1# 1-0

[Event "*** Titled Tuesday Blitz"]
[Site "Chess.com"]
[Date "2020.05.05"]
[Round "5"]
[White "stolencandy13"]
[Black "GasconJR"]
[Result "0-1"]
[WhiteElo "2538"]
[BlackElo "2608"]
[TimeControl "180+1"]
[EndTime "10:58:05 PDT"]
[Termination "GasconJR won by resignation"]

1. e4 c5 2. Nf3 Nc6 3. d4 cxd4 4. Nxd4 Nf6 5. Nc3 e5 6. Ndb5 d6 7. Bg5 a6 8. Na3 b5 9. Nd5 Be7 10. Bxf6 Bxf6 11. c4 b4 12. Nc2 O-O 13. g3 a5 14.
Bg2 Bg5 15. O-O Ne7 16. Nce3 Bxe3 17. Nxe3 Qc7 18. Qd2 Be6 19. b3 Qc5 20. f4 f6 21.
Kh1 Rfd8 22. f5 Bf7 23. g4 Nc6 24. Nc2 a4 25. h4 Kf8 26. g5 Ke7 27. Bf3 Ra7 28.
Rg1 axb3 29. axb3 Rxa1 30. Rxa1 Rd7 31. Ra8 Ra7 32. Rxa7+ Qxa7 33. Nxb4 Qa1+ 34. Kg2 Nd4 35. Bd1 Qb1 36. Nd5+ Bxd5 37. cxd5 Qxe4+ 38. Kf2 Qxf5+ 39.
Kg2 Qe4+ 40. Kf2 Qxh4+ 41. Kf1 Qh1+ 42. Kf2 Qh2+ 43. Ke3 Qf4+ 44. Kd3 Qxd2+ 45. Kxd2 fxg5 46. Kd3 g6 47. b4 Kd8 48. Kc4 Kc7 49. Ba4 Kb6 50. Be8 g4 51. Bd7 g3 52. Bh3 h5 53.
Bf1 g5 54. Kd3 g4 55. Ke3 h4 56. Bd3 h3 57. Be4 g2 58. Kf2 Nf3 59. Bxf3 gxf3 60. Kg1 e4 61. b5 e3 62. Kh2 e2 0-1

[Event "*** Titled Tuesday Blitz"]
[Site "Chess.com"]
[Date "2020.05.05"]
[Round "5"]
[White "AsaHoffmann"]
[Black "Unknown_IM"]
[Result "0-1"]
[WhiteElo "2372"]
[BlackElo "2534"]
[TimeControl "180+1"]
[EndTime "10:58:06 PDT"]
[Termination "Unknown_IM won on time"]

1. d4 d5 2. Bg5 f6 3. Bf4 Nc6 4. e3 Bf5 5. c4 e6 6. Nc3 Bb4 7. Nf3 Nge7 8. Qb3 O-O 9. h3 Re8 10.
Nh4 Be4 11. f3 Bg6 12. Nxg6 Nxg6 13. Bg3 a5 14. cxd5 exd5 15. Kf2 Nce7 16. Bd3 c6 17. Rhe1 Bd6 18. Bxd6 Qxd6 19. Rac1 Kh8 20. Qc2 b5 21. a3 Qh2 22. Ne2 Qd6 23. Qc5 Qd7 24. Rh1 Nh4 25. e4 dxe4 26. fxe4 f5 27. e5 Qe6 28. g3 Nhg6 29. h4 f4 30. gxf4 Nxf4 31. Nxf4 Rf8 32. Ke3 Qh6 33. Rcf1 Nd5+ 34. Kd2 Rxf4 35. Kc2 Ne3+ 36.
Kb1 Nxf1 37. Bxf1 Rxf1+ 38. Rxf1 Qg6+ 39. Ka2 h6 40. Rf8+ Rxf8 41. Qxf8+ Kh7 42. Qf3 Qe6+ 43. Ka1 b4 44. Qe4+ Kh8 45. axb4 axb4 46. Kb1 b3 47. Kc1 Qc4+ 48. Kd1 Qf1+ 49. Kd2 Qc4 50. e6 Qb4+ 51. Ke2 Qe7 52. Kd3 Kg8 53. h5 Kf8 54. Qxc6 Qh4 55. Qe4 Qh3+ 56. Kc4 Qxh5 57. d5 Qd1 58. d6 Qc2+ 59. Kb5 Qxe4 60. e7+ Ke8 0-1

[Event "*** Titled Tuesday Blitz"]
[Site "Chess.com"]
[Date "2020.05.05"]
[Round "5"]
[White "starworld123"]
[Black "BocharovD"]
[Result "1/2-1/2"]
[WhiteElo "2632"]
[BlackElo "2880"]
[TimeControl "180+1"]
[EndTime "10:58:07 PDT"]
[Termination "Game drawn by agreement"]

1. Nf3 c5 2. c4 g6 3. Nc3 Bg7 4. e3 Nf6 5. d4 cxd4 6. exd4 d5 7.
Bg5 O-O 8. Bxf6 Bxf6 9. Nxd5 Bg7 10. Be2 Nc6 11. O-O Bg4 12. Nc3 Bxf3 13. Bxf3 Nxd4 14. Qd3 Rc8 15. Rad1 e6 16. b3 Qe7 17. Ne2 Rfd8 18. Nxd4 Rxd4 19. Qe2 b6 20. Rxd4 Bxd4 21. Rd1 Rd8 22.
g3 Qd6 23. Kg2 Kg7 24. h4 h6 25. Qe4 h5 26. Rd3 Qc5 27. Qe2 a5 28. Qd2 Rd6 29. Qd1 Rd7 30. Qd2 a4 31. Qd1 axb3 32. axb3 e5 33. Qe2 Ra7 34. Bd5 Ra1 35. Qf3 f5 36. Rd2 Qb4 37. Qe2 Qc3 38. Rd1 Rxd1 39. Qxd1 Qb2 40. Qf3 Kf6 41. c5 Bxc5 42. Bc4 Kg7 43.
Qb7+ Kh6 44. Qf3 Qd2 45. Qe2 Qd4 46. Qe1 Kg7 47. Qe2 e4 48. Qe1 Kf6 49. Qe2 f4 50. gxf4 Kf5 51. Qe1 Kxf4 52. Qc1+ e3 53. fxe3+ Qxe3 54. Qxe3+ Bxe3 55. Bf7 Kf5 56. Kf3 Bc5 57. Bc4 Bb4 58.
Bd3+ Kf6 59. Kg3 Be1+ 60. Kh3 g5 61. hxg5+ Kxg5 62. Bc4 h4 63. Bg8 Bg3 64. Bd5 Kf4 65. Bg8 Ke3 66. Bf7 Kd4 67. Bg8 Kc5 68. Bf7 Kb4 69. Bg8 b5 70. Bf7 Kc3 71. Bg8 b4 72.
Bf7 1/2-1/2

[Event "*** Titled Tuesday Blitz"]
[Site "Chess.com"]
[Date "2020.05.05"]
[Round "5"]
[White "Baby_Legs"]
[Black "Rytenko_V"]
[Result "1-0"]
[WhiteElo "2685"]
[BlackElo "2483"]
[TimeControl "180+1"]
[EndTime "10:58:07 PDT"]
[Termination "Baby_Legs won by resignation"]

1. d4 Nf6 2. c4 Nc6 3. e3 e5 4. d5 Ne7 5. h4 h5 6. Nc3 Ng6 7. Bd3 Bb4 8. Bd2 Ne7 9. a3 Bxc3 10.
Bxc3 d6 11. e4 Ng6 12. Ne2 Ng4 13. g3 Qf6 14. f4 Bd7 15. Qd2 Qe7 16. f5 Nf8 17. Rf1 Nh7 18. O-O-O Nhf6 19. Kb1 a5 20. Ng1 a4 21. Nf3 c5 22. dxc6 Bxc6 23. Ng5 O-O 24. Bb4 Rfd8 25. Bc2 Ne8 26. Qe2 Qc7 27. Rd2 Rac8 28.
Rfd1 Qb6 29. Bxd6 Nxd6 30. Rxd6 Rxd6 31. Rxd6 Qg1+ 32. Ka2 Qxg3 33. Qd2 Re8 34. Rd8 Qxh4 35. Rxe8+ Bxe8 36. Qd8 Nf6 37. Nf3 Qf2 38. Bxa4 Qxf3 39. Bxe8 h4 40. Qe7 Nxe8 41. Qxe8+ Kh7 42. Qxf7 Qg4 43.
f6 Qg6 44. Qxb7 Qxf6 45. Qd7 Qf3 46. c5 h3 47. c6 h2 48. c7 h1=Q 49. c8=Q Qxe4 50.
Qf5+ Qxf5 51. Qxf5+ Kh6 52. Qxe5 Qd1 53. Qf4+ g5 54.
Qe4 g4 55. a4 Qf3 56. Qe6+ Kg5 57. a5 g3 58. a6 g2 59. a7 Kh4 60. Qg8 Kh3 61. a8=Q Qxa8+ 62. Qxa8 g1=Q 63. Qh8+ Kg2 64. Qg8+ Kf2 65. Qxg1+ Kxg1 66. b4 Kg2 67. b5 1-0

[Event "*** Titled Tuesday Blitz"]
[Site "Chess.com"]
[Date "2020.05.05"]
[Round "5"]
[White "Quiet_Desperation"]
[Black "KarstenHansch"]
[Result "1-0"]
[WhiteElo "2222"]
[BlackElo "2385"]
[TimeControl "180+1"]
[EndTime "10:58:07 PDT"]
[Termination "Quiet_Desperation won on time"]

1. e4 c6 2. d4 d5 3. e5 Bf5 4. h4 h5 5. Bd3 Bxd3 6. Qxd3 Qa5+ 7. Bd2 Qa6 8. Qg3 e6 9. Nf3 c5 10. dxc5 Nc6 11. Nc3 Nge7 12. O-O-O Nf5 13. Qf4 Bxc5 14. Kb1 Bxf2 15. Nxd5 O-O-O 16. Nc3 Bg3 17. Qe4 Ncd4 18. Bg5 Nxf3 19. Bxd8 Nxe5 20. Bg5 Nc6 21. Rhf1 Be5 22. Rxf5 exf5 23. Qxf5+ Kb8 24. Qxf7 Bxc3 25. bxc3 Qb5+ 26. Qb3 Qf5 27. Rd5 Qf1+ 28. Kb2 Re8 29. Rd7 Na5 30. Qb4 Nc4+ 31. Kb3 Nb6 32. Qf4+ Qxf4 33. Bxf4+ Kc8 34. Rxg7 Nd5 35. g3 Re4 36. Rf7 a5 37. a4 Nb6 38. Rc7+ Kd8 39. Rxb7 Nxa4 40.
Rb5 Kd7 41. Rxa5 Nb6 42. Rxh5 Kc6 43. Rh6+ Kb5 44. Rxb6+ Kxb6 45. h5 Re7 46. h6 Kc6 47.
g4 Kd5 48. g5 Ke6 49. c4 Kf5 50. Bd2 Rd7 51. Bc1 Kg6 52. c5 Rb7+ 53. Kc4 Rb1 54. Be3 Re1 55. Bd2 Rd1 56. Kc3 Rf1 57. c6 Rf5 58. Kc4 1-0

[Event "*** Titled Tuesday Blitz"]
[Site "Chess.com"]
[Date "2020.05.05"]
[Round "5"]
[White "erlesfar"]
[Black "yarosavich"]
[Result "0-1"]
[WhiteElo "2438"]
[BlackElo "2706"]
[TimeControl "180+1"]
[EndTime "10:58:08 PDT"]
[Termination "yarosavich won by resignation"]

1. e4 e5 2. Bc4 Nc6 3. Nc3 Nf6 4. d3 Bb4 5. Ne2 d5 6. exd5 Nxd5 7. O-O Be6 8. Bxd5 Bxd5 9. f4 Bxc3 10. bxc3 O-O 11. f5 f6 12. Ng3 Ne7 13. Qg4 Kh8 14. Ba3 b6 15. Bxe7 Qxe7 16. Rae1 Qc5+ 17. d4 Qxc3 18.
dxe5 fxe5 19. Nh5 Rf7 20. f6 gxf6 21. Rd1 Rg8 22. Qxg8+ Kxg8 23. Rxd5 Qe3+ 24. Kh1 Qg5 25. Rd8+ Rf8 26. Rxf8+ Kxf8 27. Nxf6 Ke7 28. Nd5+ Kd6 29. c4 c6 30. Nc3 Kc7 31. h3 Qd2 32. Ne4 Qd3 33.
Rf7+ Kb8 34. Ng5 Qb1+ 35. Kh2 Qg6 36. h4 h6 37. Rf8+ Kb7 38. Nf3 Ka6 39. Rd8 Qe4 40.
Rd6 Qf4+ 41. Kh3 Qxc4 42. Rxh6 e4 43. Ng5 Qd5 44. Re6 Qf5+ 45. g4 Qf1+ 46. Kg3 Qg1+ 47. Kf4 Qf2+ 48. Kxe4 Qxh4 49. Kf5 Qf2+ 50. Kg6 c5 51.
Nf7 Qc2+ 52. Kf6 Qb2+ 53. Ne5 Qf2+ 54. Kg6 Qxa2 55. Rf6 Qb2 56. Nf7 Qd4 57. g5 c4 58.
Kh6 Qh4+ 59. Kg7 c3 60. g6 c2 61. Rc6 Qe4 62. Rc7 Qd3 63. Kf8 Qa3+ 64. Ke8 c1=Q 65. Rxc1 Qxc1 66. g7 Qg1 67. Kf8 b5 68. g8=Q Qxg8+ 69. Kxg8 b4 70. Ne5 Kb5 71. Kf7 b3 72. Nd3 a5 73. Ke6 a4 74. Kd5 a3 0-1

[Event "*** Titled Tuesday Blitz"]
[Site "Chess.com"]
[Date "2020.05.05"]
[Round "5"]
[White "PawnEatingZombie"]
[Black "asimali1977"]
[Result "1-0"]
[WhiteElo "2146"]
[BlackElo "1947"]
[TimeControl "180+1"]
[EndTime "10:58:08 PDT"]
[Termination "PawnEatingZombie won on time"]

1. d4 g6 2. e4 Bg7 3. Nf3 c5 4.
dxc5 Nc6 5. Nc3 Nf6 6. Bc4 O-O 7.
O-O b6 8. cxb6 axb6 9. Be3 d6 10. h3 Bb7 11. Re1 Nd7 12. Nd4 Nce5 13. Bb3 Nc5 14.
f3 e6 15. Ndb5 Qh4 16. Qxd6 Rfd8 17. Qxb6 Rac8 18. Bxc5 Rxc5 19. Qxc5 Qg3 20. Qf2 Qf4 21. Rad1 Rc8 22. Nd4 Ba6 23. Nde2 Qg5 24. f4 Qh5 25. fxe5 Bxe5 26. Nf4 Qg5 27. g3 Bb7 28. Re3 Kg7 29.
Bxe6 Rd8 30. Rxd8 Qxd8 31. Rd3 Qf6 32. Bd5 Bxd5 33. Ncxd5 Qg5 34. c3 h5 35. Kg2 h4 36.
Qf3 hxg3 37. Qxg3 Qh6 38. Qg4 Bxf4 39. Nxf4 Qh8 40. Rd7 Qc8 41. Qe6 Qf8 42. Qxf7+ Qxf7 43. Rxf7+ Kxf7 44. c4 Kf6 45. b4 g5 46. Kf3 Ke5 47. Ng6+ Kd4 48. c5 Kc4 49. c6 Kxb4 50. c7 Ka3 51.
c8=Q Kxa2 52. Qb8 Ka1 53. e5 Ka2 54. Kg4 Ka3 55. e6 Ka2 56. e7 Ka1 57. e8=Q 1-0

[Event "*** Titled Tuesday Blitz"]
[Site "Chess.com"]
[Date "2020.05.05"]
[Round "5"]
[White "NikolaGry"]
[Black "mishikomchedlishvili"]
[Result "0-1"]
[WhiteElo "2620"]
[BlackElo "2849"]
[TimeControl "180+1"]
[EndTime "10:58:09 PDT"]
[Termination "mishikomchedlishvili won on time"]

1. b3 d5 2. Bb2 Bg4 3. h3 Bh5 4.
Nf3 Bxf3 5. gxf3 e6 6. e3 Nd7 7. c4 c6 8. f4 Ngf6 9. Nc3 g6 10. Bg2 Bg7 11. d4 O-O 12. O-O a6 13. Rc1 Kh8 14. Ne2 Ne8 15. Ng3 f5 16. Kh2 Rg8 17. Rg1 Qh4 18. b4 Ndf6 19. Bf3 Nd6 20. c5 Nde4 21. Qe2 g5 22. Bxe4 dxe4 23. fxg5 Nd5 24.
Qh5 Qxh5 25. Nxh5 h6 26. gxh6 Bxh6 27. a3 Kh7 28. Rxg8 Rxg8 29. Rg1 Ra8 30. Bc1 a5 31.
Bd2 axb4 32. Bxb4 Ra4 33. h4 Ra8 34. Kh3 Rf8 35. Rg2 Rf7 36. Rg1 Bf8 37. Rg2 Rd7 38.
Rg1 Kh6 39. Ng3 Rg7 40. Ne2 Rxg1 41. Nxg1 Be7 42. Ne2 Bd8 43. Ng3 Bc7 44. Bd2 Bb8 45. a4 Bc7 46. Ne2 Kh5 47. Ng3+ Kg6 48. Ne2 Nf6 49.
Ng3 Bb8 50. Kg2 Ng4 51. f3 exf3+ 52. Kxf3 Nf6 53. Be1 Bxg3 54. Bxg3 Nd5 0-1

[Event "*** Titled Tuesday Blitz"]
[Site "Chess.com"]
[Date "2020.05.05"]
[Round "5"]
[White "THE_PLAYER6"]
[Black "BilguunSu"]
[Result "1/2-1/2"]
[WhiteElo "2426"]
[BlackElo "2585"]
[TimeControl "180+1"]
[EndTime "10:58:09 PDT"]
[Termination "Game drawn - insufficient material"]

1. d4 Nf6 2. c4 e6 3. Nc3 Bb4 4. g3 O-O 5. Bg2 c5 6. Nf3 cxd4 7. Nxd4 Nc6 8. O-O a6 9. Bf4 Qe7 10. Nxc6 dxc6 11. a3 Bc5 12. b4 Rd8 13. Qb3 e5 14. Bg5 Bd4 15. Rad1 Bf5 16. e3 Bxc3 17. Qxc3 h6 18.
Bxf6 Qxf6 19. c5 Bg4 20. f3 Be6 21. f4 exf4 22. Qxf6 gxf6 23. exf4 Bb3 24. Rxd8+ Rxd8 25. Re1 Kf8 26. Re3 Bc4 27. Bf3 Rd2 28. Bg4 a5 29. Bc8 Ba6 30. bxa5 Rc2 31. Rb3 Rxc5 32. Bxb7 Bxb7 33.
Rxb7 Rxa5 34. Rb3 Ke7 35. Kf2 Kd6 36. Kf3 Kd5 37. Kg4 h5+ 38. Kh4 c5 39. Rb7 c4 40.
Rd7+ Ke4 41. Rxf7 c3 42. Rc7 Kd4 43. Re7 c2 44. Re1 Kd3 45. h3 Kd2 46. Rg1 Rf5 47.
g4 hxg4 48. Kxg4 Ra5 49. h4 c1=Q 50. Rxc1 Kxc1 51. h5 Rxa3 52. Kf5 Ra5+ 53. Kg6 Kd2 54. h6 Ke3 55. h7 Ra8 56. Kxf6 Kxf4 57. Kg7 Ra7+ 58.
Kf6 Ra8 59. Kg7 Kg5 60. h8=Q Rxh8 61. Kxh8 1/2-1/2

[Event "*** Titled Tuesday Blitz"]
[Site "Chess.com"]
[Date "2020.05.05"]
[Round "5"]
[White "MFguimaraes"]
[Black "Andrei_Belozerov"]
[Result "1/2-1/2"]
[WhiteElo "2412"]
[BlackElo "2569"]
[TimeControl "180+1"]
[EndTime "10:58:09 PDT"]
[Termination "Game drawn - insufficient material"]

1. e4 c5 2. Nf3 d6 3. d4 cxd4 4. Nxd4 Nf6 5. Nc3 a6 6. g3 e5 7. Nde2 Be7 8. Bg2 O-O 9. O-O b5 10. a4 Bb7 11. axb5 axb5 12. Rxa8 Bxa8 13. Nd5 Nxd5 14.
exd5 Nd7 15. b4 Qc7 16. Qd3 Rc8 17. c3 Qc4 18. Rd1 Nf6 19. Qxc4 Rxc4 20. f4 e4 21. Nd4 Nxd5 22. Nxb5 Nxc3 23. Nxc3 Rxc3 24. Bd2 Rd3 25. Bf1 Rd4 26. Be2 f5 27. Bc3 Rxd1+ 28. Bxd1 Bd8 29.
Bd4 Kf7 30. Bb3+ d5 31. b5 g6 32. Ba4 Ke6 33. b6 Bb7 34. Kf2 Kd6 35. Bb5 g5 36.
Ke3 h6 37. h3 h5 38. fxg5 Bxg5+ 39. Kf2 h4 40. Kg2 hxg3 41. Kxg3 Bh6 42. h4 f4+ 43. Kg4 Bc8+ 44. Kh5 Bf8 45. Kg6 Bd7 46. b7 Kc7 47.
Bxd7 Kxb7 48. Kf5 f3 49. Ba4 Bh6 50. h5 e3 51. Bxe3 Bxe3 52. Ke5 f2 53. Bb5 Kb6 54.
Bf1 Kc5 55. Kf5 Kd4 56. Kg4 Kc3 57. Kf3 Kd2 58. h6 Bxh6 59. Kxf2 d4 60. Ba6 d3 61. Bxd3 1/2-1/2

[Event "*** Titled Tuesday Blitz"]
[Site "Chess.com"]
[Date "2020.05.05"]
[Round "5"]
[White "Anna_ChessMate"]
[Black "BvsN"]
[Result "1/2-1/2"]
[WhiteElo "2513"]
[BlackElo "2371"]
[TimeControl "180+1"]
[EndTime "10:58:09 PDT"]
[Termination "Game drawn by repetition"]

1. d4 d5 2. c4 c6 3. Nf3 Nf6 4.
Nc3 e6 5. e3 Nbd7 6. Bd3 dxc4 7.
Bxc4 b5 8. Bd3 Bd6 9. Qc2 O-O 10. Ne4 Nxe4 11. Bxe4 Nf6 12. Bxc6 Qc7 13. Be4 Nxe4 14.
Qxe4 Bb7 15. Qd3 Rac8 16. Bd2 Qc2 17. Qxc2 Rxc2 18. Rb1 Rfc8 19. Kd1 b4 20. Ne1 R2c4 21. f3 e5 22. dxe5 Bxe5 23. Nd3 Bf6 24. Nxb4 Rd8 25. a3 a5 26. Na2 Bg5 27. Ke2 Rc2 28. Rhd1 Ba6+ 29.
Ke1 Bxe3 30. Bxe3 Re2+ 31. Kf1 Rxd1+ 32. Rxd1 Rd2+ 33. Ke1 Re2+ 34. Kf1 Rd2+ 35. Kg1 Rxd1+ 36. Kf2 Ra1 37. Nc1 f6 38. Ke1 a4 39. Kd2 Bc4 40.
Kc3 Be6 41. Kb4 Bb3 42. Nxb3 axb3 43. Kxb3 Re1 44. Bc5 Re2 45. a4 Kf7 46. a5 Ke8 47.
a6 Kd7 48. a7 Re8 49. Kc4 Kc6 50. b4 Kb7 51. b5 Re2 52. g4 Rxh2 53. Kd5 Rg2 54.
Ke6 Rg3 55. Kf7 Rxf3 56. Kxg7 Rg3 57. Kxh7 Rxg4 58. b6 f5 59. Kh6 f4 60. Kh5 Rg2 61. Kh4 f3 62. Kh3 Ka8 63. Ba3 Kb7 64. Bc5 Rg8 65.
Bf2 Rg2 66. Bc5 1/2-1/2

[Event "*** Titled Tuesday Blitz"]
[Site "Chess.com"]
[Date "2020.05.05"]
[Round "5"]
[White "Macron20hTF1"]
[Black "Paladin61"]
[Result "0-1"]
[WhiteElo "2371"]
[BlackElo "2661"]
[TimeControl "180+1"]
[EndTime "10:58:11 PDT"]
[Termination "Paladin61 won by resignation"]

1. f4 d5 2. Nf3 Nf6 3. g3 Bf5 4. Bg2 e6 5. d3 h6 6. O-O Bc5+ 7. e3 O-O 8. Qe2 Bh7 9. Kh1 c6 10. Nc3 Nbd7 11. e4 b5 12. e5 Ne8 13.
Be3 Be7 14. Rae1 b4 15. Nd1 c5 16. Nf2 Nc7 17. g4 Kh8 18. g5 h5 19. Nh4 g6 20.
Nf3 a5 21. Ra1 a4 22. c3 a3 23. cxb4 axb2 24. Qxb2 cxb4 25. Nd4 Ra6 26. Rfc1 Nb8 27.
Nb3 Nb5 28. Bc5 Nc6 29. Bxe7 Qxe7 30. Nc5 Rb6 31. Rab1 Ra8 32. Nb3 Nc3 33. Ra1 Ra3 34. Rc2 Kg7 35. d4 Na4 36. Qc1 Qe8 37. Nd3 Bg8 38. Ndc5 Qa8 39. Nxa4 Qxa4 40. Nc5 Qb5 41. Bf1 Qa5 42. Nd7 Nxd4 43. Nxb6 Nxc2 44. Qxc2 Qxb6 45. Rb1 Qe3 46. Qc1 Qf3+ 47. Bg2 Qf2 48. Qf1 Qe3 49.
Qg1 Qxg1+ 50. Kxg1 Rxa2 51. Rxb4 Ra1+ 52. Kf2 Ra3 53.
Bf3 Ra2+ 54. Kg3 Ra3 55. Re4 dxe4 56. Kh4 exf3 57. h3 Ra2 58. Kg3 Ra4 59. f5 Rc4 60. f6+ Kf8 61. Kxf3 Rd4 62. Kg3 Rd5 63. Kh4 Ke8 64.
Kg3 Kd7 65. Kf4 Rd4+ 66. Ke3 Rd5 67. h4 Kc6 68. Kf4 Kc5 69. Ke4 Rd4+ 0-1

[Event "*** Titled Tuesday Blitz"]
[Site "Chess.com"]
[Date "2020.05.05"]
[Round "5"]
[White "Spartakus1975"]
[Black "AminMolaei"]
[Result "1-0"]
[WhiteElo "2741"]
[BlackElo "2504"]
[TimeControl "180+1"]
[EndTime "10:58:11 PDT"]
[Termination "Spartakus1975 won by resignation"]

1. e4 c5 2. c3 g6 3. Nf3 d5 4. exd5 Qxd5 5. d4 Nf6 6. Na3 cxd4 7. Bc4 Qd8 8. Qb3 e6 9. Nb5 Nc6 10. Bg5 Bg7 11. Nbxd4 Nxd4 12. Nxd4 O-O 13. O-O Qa5 14. Qb5 Qc7 15. a4 a6 16. Qb3 b6 17. h3 Bb7 18. Rfe1 Ne4 19. Be3 Rac8 20. Nxe6 fxe6 21. Bxe6+ Kh8 22. Bxc8 Qxc8 23. Qxb6 Ba8 24. Bd4 Nf6 25.
Rad1 Qf5 26. Qd6 Qg5 27. Qg3 Qxg3 28. fxg3 Bc6 29. a5 Ne4 30. Bxg7+ Kxg7 31. g4 Rb8 32. Re2 Kf6 33. Rd4 Ke5 34. Kh2 Rb5 35. b4 Rb8 36.
Rc4 Bd5 37. Rc7 Rb7 38. Rxb7 Bxb7 39. c4 Bc6 40. Re1 Kd4 41. b5 axb5 42. cxb5 Bxb5 43. Ra1 Nc5 44. Rb1 Kc4 45. Kg3 g5 46. Rc1+ Kd4 47.
Rd1+ Nd3 48. Rb1 Kc5 49. Ra1 Ba6 50. Rf1 Nf4 51. Rxf4 gxf4+ 52. Kxf4 Kb4 53. Kg5 Bf1 54. Kh6 Bxg2 55. h4 Bh3 56. g5 Bf5 57. a6 Be4 58. a7 Kb5 59. h5 Kb6 60. a8=Q Bxa8 61. Kxh7 Kc7 62. g6 Be4 63. Kh8 Kd7 64. g7 Bd5 65. h6 Ke7 66. h7 Kf6 67. g8=Q Bxg8 68. hxg8=Q 1-0

[Event "*** Titled Tuesday Blitz"]
[Site "Chess.com"]
[Date "2020.05.05"]
[Round "5"]
[White "GelmanAlexander"]
[Black "MichailovM"]
[Result "1-0"]
[WhiteElo "2527"]
[BlackElo "2370"]
[TimeControl "180+1"]
[EndTime "10:58:11 PDT"]
[Termination "GelmanAlexander won by resignation"]

1. c4 g6 2. Nf3 Bg7 3. e3 Nf6 4. Be2 O-O 5. O-O d6 6. Nc3 e5 7.
d3 Nc6 8. Rb1 a5 9. a3 h6 10. b4 axb4 11. axb4 Be6 12. b5 Ne7 13. Bb2 Nf5 14. Qc2 Re8 15. Ra1 Qd7 16. h3 c6 17.
Rfd1 Qc7 18. Nd2 d5 19. Nf3 d4 20. exd4 Nxd4 21. Qb1 Nxe2+ 22. Nxe2 Bf5 23. bxc6 bxc6 24.
Ng3 Rab8 25. Nxf5 gxf5 26. Qc2 Nd7 27. Bc3 Nc5 28. d4 Ne4 29. dxe5 Nxc3 30. Qxc3 Bxe5 31. Nxe5 Qxe5 32. Qf3 Re6 33. Rab1 Rxb1 34. Rxb1 Kg7 35. Rd1 Qe4 36. Qg3+ Kh7 37. Rd7 Re7 38. Qd6 Qe1+ 39. Kh2 Rxd7 40. Qxd7 Qxf2 41. Qxf7+ Kh8 42. Qe8+ Kh7 43.
Qd7+ Kh8 44. Qc8+ Kh7 45. Qc7+ Kh8 46. Qxc6 Qf4+ 47. Kg1 Qc1+ 48. Kf2 Qd2+ 49. Kf3 Qd3+ 50. Kf4 Qf1+ 51. Ke5 f4 52. Qxh6+ Kg8 53. Qxf4 Qxg2 54. Qg4+ 1-0

[Event "*** Titled Tuesday Blitz"]
[Site "Chess.com"]
[Date "2020.05.05"]
[Round "5"]
[White "lamomiablanca"]
[Black "dbrankovic68"]
[Result "1-0"]
[WhiteElo "2154"]
[BlackElo "2451"]
[TimeControl "180+1"]
[EndTime "10:58:11 PDT"]
[Termination "lamomiablanca won by resignation"]

1. Nf3 Nf6 2. g3 g6 3. Bg2 Bg7 4.
O-O O-O 5. c4 d6 6. d4 Nbd7 7.
Nc3 e5 8. e4 c6 9. h3 Re8 10. Re1 exd4 11. Nxd4 Qb6 12. Nb3 Qb4 13.
Bf1 Nc5 14. Nxc5 Qxc5 15. Be3 Qb4 16. Qc2 Nd7 17. a3 Qa5 18. b4 Qh5 19. g4 Qh4 20. Bf4 Ne5 21. Re3 Qf6 22. Bg3 Bh6 23. Re2 Nf3+ 24.
Kg2 Nd4 25. Qd3 Nxe2 26. Bxe2 Bf4 27. Rd1 Bxg3 28. Qxg3 Qe5 29. f4 Qe7 30. Qd3 Be6 31. f5 Bc8 32. Qxd6 Qxd6 33. Rxd6 Kf8 34. c5 Ke7 35. Kf3 Bd7 36. e5 Rad8 37. Kf4 Bc8 38. Ne4 gxf5 39. gxf5 Rg8 40. Nf6 Rg1 41. Bf3 Re1 42.
Ne4 Rf1 43. f6+ Ke8 44. Ke3 Be6 45. Ng5 Re1+ 46. Kf4 Bc4 47. Nxh7 Rf1 48. Ng5 Bd5 49. h4 Rxd6 50. cxd6 Bxf3 51. Nxf3 b6 52. h5 c5 53. bxc5 bxc5 54. h6 Rh1 55. Kg5 Rg1+ 56. Kh5 Rh1+ 57. Nh4 Kf8 58. h7 Rxh4+ 59. Kxh4 Ke8 60. h8=Q+ 1-0

[Event "*** Titled Tuesday Blitz"]
[Site "Chess.com"]
[Date "2020.05.05"]
[Round "5"]
[White "jlandaw"]
[Black "semchik73"]
[Result "1/2-1/2"]
[WhiteElo "2364"]
[BlackElo "2210"]
[TimeControl "180+1"]
[EndTime "10:58:11 PDT"]
[Termination "Game drawn by repetition"]

1. e4 Nf6 2. e5 Nd5 3. d4 d6 4. c4 Nb6 5. exd6 exd6 6. Be3 Be7 7. Nc3 O-O 8. Rc1 Bf5 9. Nf3 Bf6 10. Bd3 Qd7 11. O-O Nc6 12. h3 Nb4 13. Bxf5 Qxf5 14. b3 c5 15. a3 Nc6 16. Nb5 Rad8 17. d5 Ne5 18. Nxe5 Bxe5 19. Nxa7 Rfe8 20. Qc2 Qf6 21. b4 Bb2 22. Rb1 Bxa3 23. bxc5 Bxc5 24. Bxc5 dxc5 25. Qb3 Ra8 26. Qxb6 Qxb6 27. Rxb6 Rxa7 28. d6 Rd8 29. Rd1 Kf8 30. Rd5 Ra6 31. Rxb7 Raxd6 32. Rxc5 Rd1+ 33. Kh2 R1d7 34. Rxd7 Rxd7 35. Rc8+ Ke7 36. Kg3 Rd3+ 37. Kf4 Rd2 38. Ke3 Rc2 39. g3 Kd7 40. Rc5 Kd6 41.
Rd5+ Ke6 42. Rd4 Rc3+ 43. Kd2 Ra3 44. c5 Ra2+ 45. Ke3 Rc2 46. Rd6+ Ke7 47. Rd5 Ke6 48.
Rh5 h6 49. h4 f5 50. g4 fxg4 51. Kf4 Rc4+ 52. Kg3 Kf6 53. Rd5 Ke6 54. Rd6+ Ke7 55.
Rg6 Kf7 56. Rc6 h5 57. Rc7+ Kf6 58. Kg2 g5 59. hxg5+ Kxg5 60. c6 Kf6 61. Rc8 Ke7 62. Rh8 Rxc6 63. Rxh5 Rg6 64. Kg3 Kf6 65. Ra5 Kg7 66.
Ra7+ Kh6 67. Ra5 Rg7 68. Ra4 Kh5 69. Ra6 Rg5 70. Ra8 Rg7 71. Rh8+ Kg5 72. Rf8 Kh5 73. Rf5+ Rg5 74. Rf6 Rd5 75. Rf8 Rd3+ 76. Kg2 Kg5 77.
Rg8+ Kf5 78. Rf8+ Ke4 79. Rg8 Kf4 80. Rf8+ Kg5 81. Rg8+ Kh4 82. Rh8+ Kg5 83. Rg8+ 1/2-1/2